 Dungeon Crawl Stone Soup version 0.25-a0-566-g062765be81 (webtiles) character file.

Game seed: 2607265299482788107, levelgen mode: deterministic

469 kae the Sneak (level 7, -14/36 HPs)
             Began as a Kobold Enchanter on Feb 27, 2020.
             Was an Initiate of Dithmenos.
             Demolished by Pikel
             ... wielding a +2 whip of electrocution
              (19 damage)
             ... on level 5 of the Dungeon.
             The game lasted 00:06:30 (6771 turns).

kae the Sneak (Kobold Enchanter)                    Turns: 6771, Time: 00:06:30

Health: -14/36     AC:  4    Str:  6    XL:     7   Next: 31%
Magic:  0/12       EV: 17    Int: 18    God:    Dithmenos [......]
Gold:   51         SH:  0    Dex: 15    Spells: 4/13 levels left

rFire    . . .     SeeInvis .   a - +1 dagger
rCold    . . .     Gourm    .   (shield restricted)
rNeg     . . .     Faith    .   b - +0 robe
rPois    .         Spirit   .   (no helmet)
rElec    .         Reflect  .   (no cloak)
rCorr    .         Harm     .   j - +1 pair of gloves
MR       .....                  (no boots)
Stlth    +++.......             (no amulet)
HPRegen  0.12/turn              (no ring)
MPRegen  0.13/turn              (no ring)

@: about to teleport
A: small, carnivore
a: Renounce Religion


You were on level 5 of the Dungeon.
You worshipped Dithmenos.
Dithmenos was noncommittal.
You were not hungry.

You visited 2 branches of the dungeon, and saw 6 of its levels.

You collected 150 gold pieces.
You spent 99 gold pieces at shops.

Inventory:

Hand Weapons
 a - a +1 dagger (weapon)
Armour
 b - a +0 robe (worn)
 j - a +1 pair of gloves (worn)
Jewellery
 c - a cursed -5 ring of dexterity {unknown}
 h - an uncursed ring of poison resistance {unknown}
Scrolls
 f - 4 scrolls of remove curse
 k - a scroll of fog
 n - a scroll of amnesia
Potions
 e - 2 potions of lignification {unknown}
 g - a potion of magic {unknown}
 l - 2 potions of heal wounds
 m - a potion of ambrosia {unknown}
 q - a potion of resistance {unknown}
 r - a potion of brilliance {unknown}
 s - a potion of flight {unknown}
 t - a potion of stabbing {unknown}
Comestibles
 d - 11 rations


   Skills:
 + Level 4.4 Short Blades
 + Level 4.4 Dodging
 + Level 6.1 Stealth
 + Level 3.7 Spellcasting
 + Level 4.3 Hexes


You had 4 spell levels left.
You knew the following spells:

 Your Spells              Type           Power        Failure   Level  Hunger
a - Corona                Hex            ###....      2%          1    None
b - Ensorcelled Hibernat  Hex/Ice        ##....       10%         2    ##.....
c - Confusing Touch       Hex            ###.....     8%          3    ###....
d - Tukima's Dance        Hex            ###.....     8%          3    ###....

Your spell library contained the following spells:

 Spells                   Type           Power        Failure   Level  Hunger
 Dazzling Flash           Conj/Hex       ##....       19%         3    ###....


Dungeon Overview and Level Annotations

Branches:
Dungeon (5/15)             Temple (1/1) D:4

Altars:
Ashenzari
Cheibriados
Dithmenos
Elyvilon
Fedhas
Gozag
Hepliaklqana
Makhleb
Nemelex Xobeh
Okawaru
Qazlal
Ru
Vehumet
Wu Jian
Yredelemnul
Zin
The Shining One

Shops:
D:4 *

Annotations:
D:5 Pikel


Innate Abilities, Weirdness & Mutations

You are small and have problems with some larger weapons.
You are carnivorous and can eat meat at any time.


Message History

Pikel closely misses you.
Casting: Ensorcelled Hibernation (safe; 10% risk of failure)
Confirm with . or Enter, or press ? or * to list all spells.
Aiming: Ensorcelled Hibernation (safe; 10% risk of failure)
Press: ? - help, Shift-Dir - straight line, f/p - Pikel
Aim: Pikel, wielding a +2 whip of electrocution and wearing a +2 robe of positive energy (chance to defeat MR: 42%) Pikel resists with some effort.
The crimson imp hits you but does no damage.
Pikel barely misses you.
You barely miss Pikel. The crimson imp barely misses you.
Pikel hits you with a +2 whip of electrocution.
You are electrocuted!
As you read the scroll of teleportation, it crumbles to dust.
You feel strangely unstable. The crimson imp hits you.
Pikel smiles. "I know this place well.
And it is filled with the corpses of daring fools like you!
Won't you join me?"
Pikel hits you with a +2 whip of electrocution!
* * * LOW HITPOINT WARNING * * *
You are electrocuted!!
Ouch! That really hurt!
You die...

........pp#
........K.####
......5..o...#
..........##.#
############.# #Z#
#p# #K# #@# #5#
#.# #.# #.# #.#
################.#
.................#
##################


You could see Pikel, a slave, a crimson imp and a hound zombie.

Vanquished Creatures
  2 slaves (D:5)
  An ogre (D:5)
  A crimson imp (D:5)
  An orc priest (D:4)
  2 orc wizards
  A bullfrog skeleton (D:4)
  A centaur skeleton (D:5)
  An iguana (D:3)
  A worker ant (D:4)
  3 adders
  2 oozes
  4 worms
  An adder skeleton (D:4)
  5 dart slugs
  A leopard gecko (D:1)
  20 orcs
  A ball python (D:1)
  7 bats
  A giant cockroach (D:2)
  4 hobgoblins
  8 jackals
  5 frilled lizards
  6 goblins
  A jackal skeleton (D:4)
  7 kobolds
  4 rats
91 creatures vanquished.

Notes
Turn   | Place    | Note
-------+----------+-------------------------------------------
     0 | D:1      | kae the Kobold Enchanter began the quest for the Orb.
     0 | D:1      | Reached XP level 1. HP: 10/10 MP: 3/3
   169 | D:1      | Reached XP level 2. HP: 10/15 MP: 5/5
   261 | D:1      | Learned a level 2 spell: Ensorcelled Hibernation
   852 | D:1      | Reached XP level 3. HP: 19/19 MP: 6/6
  2122 | D:2      | Learned a level 3 spell: Confusing Touch
  2125 | D:2      | Reached XP level 4. HP: 24/24 MP: 7/7
  2948 | D:2      | Reached skill level 5 in Stealth
  2948 | D:2      | Reached XP level 5. HP: 12/28 MP: 0/9
  3774 | D:3      | Found an ornate altar of the Wu Jian Council.
  4428 | D:3      | Reached XP level 6. HP: 32/32 MP: 7/10
  4489 | D:4      | Found a staircase to the Ecumenical Temple.
  4516 | Temple   | Entered the Ecumenical Temple
  4979 | Temple   | Became a worshipper of Dithmenos the Shadowed
  5601 | D:4      | Learned a level 3 spell: Tukima's Dance
  5920 | D:4      | Found Kaqoilid's Assorted Antiques.
  5925 | D:4      | Bought a blue potion for 24 gold pieces
  5925 | D:4      | Bought a fuming red potion for 24 gold pieces
  5925 | D:4      | Bought a lumpy purple potion for 24 gold pieces
  5925 | D:4      | Bought a scroll labeled WYIZXECRAT for 27 gold pieces
  6334 | D:5      | Entered Level 5 of the Dungeon
  6671 | D:5      | Reached XP level 7. HP: 32/36 MP: 9/12
  6704 | D:5      | Reached skill level 6 in Stealth
  6718 | D:5      | Noticed Pikel
  6771 | D:5      | Demolished by Pikel

Levels and vault maps discovered:
D:1:      psy_arrival_radial02, layout_loops_cross, minmay_misc_feat_pillars,
          minmay_misc_feat_tower
D:2:      layout_basic, minmay_misc_feat_encased
D:3:      layout_rooms, old_standard_altar, item_on_display_a
D:4:      layout_basic, minmay_temple_entry_sparse_star, serial_shops,
          nicolae_shop_statue_plus
D:5:      layout_basic, led_sif_pool, first_ration, uniq_pikel
Temple:   nicolae_temple_elliptical

Skill      XL: |  1  2  3  4  5  6  7 |
---------------+----------------------+-----
Short Blades   | 2 3 4 |  4.4
Dodging        | 3 4 |  4.4
Stealth        | 5 6 |  6.1
Spellcasting   | 3 |  3.7
Hexes          | 4 |  4.3

Action                   |  1- 3 |  4- 6 |  7- 9 || total
-------------------------+-------+-------+-------++-------
Melee: Dagger            |   154 |   264 |    30 ||   448
 Cast: Corona            |     7 |     2 |       ||     9
       Ensorcelled Hiber |    11 |    46 |     6 ||    63
       Confusing Touch   |       |     1 |     1 ||     2
  Use: Scroll            |     3 |     5 |     1 ||     9
       Potion            |     1 |       |     1 ||     2
 Stab: Sleeping          |    13 |    29 |     2 ||    44
       Confused          |       |     1 |     2 ||     3
  Eat: Chunk             |    13 |     9 |     4 ||    26
Armor: Robe              |    12 |    24 |     4 ||    40
Dodge: Dodged            |   127 |   176 |    31 ||   334

Table legend:
 A = Non-vault XP
 B = Vault XP
 C = Vault XP percentage of total XP
 D = Non-vault monster count
 E = Vault monster count
 F = Vault count percentage of total count
                 A         B        C        D         E       F
            +---------+---------+-------+---------+---------+-------
      Total |     671 |       0 |   0.0 |      89 |       0 |   0.0
            +---------+---------+-------+---------+---------+-------
        D:1 |      42 |       0 |   0.0 |      20 |       0 |   0.0
        D:2 |      98 |       0 |   0.0 |      22 |       0 |   0.0
        D:3 |     103 |       0 |   0.0 |      21 |       0 |   0.0
        D:4 |     200 |       0 |   0.0 |      15 |       0 |   0.0
        D:5 |     222 |       0 |   0.0 |       9 |       0 |   0.0
     Temple |       6 |       0 |   0.0 |       2 |       0 |   0.0
            +---------+---------+-------+---------+---------+-------
